 Dungeon Crawl Stone Soup version 0.29-a0-194-g6e3aafee17 (webtiles) character file.

Game seed: 5844866643552780492

99 iguanaiguana the Skirmisher (level 4, -19/37 HPs)
             Began as a Palentonga Fighter on Feb 22, 2022.
             Killed by an exploding gnoll (31 damage)
             ... ignited by their inner flame
             ... on level 4 of the Dungeon.
             The game lasted 00:08:37 (3889 turns).

iguanaiguana the Skirmisher (Palentonga Fighter)    Turns: 3889, Time: 00:08:38

Health: -19/37     AC:  6    Str: 22    XL:     4   Next: 45%
Magic:  4/4        EV:  7    Int:  8    God:
Gold:   225        SH:  6    Dex:  9    Spells: 3/3 levels left

rFire   . . .      SeeInvis +   a - +0 long sword
rCold   . . .      Faith    .   x - +2 buckler {reflect}
rNeg    . . .      Spirit   .   b - +0 scale mail
rPois   .          Reflect  +   (no helmet)
rElec   .          Harm     .   (no cloak)
rCorr   .          Rampage  .   (no gloves)
Will    .....                   (no barding)
Stlth   ..........              (no amulet)
HPRegen 0.12/turn               (no ring)
MPRegen 0.09/turn               (no ring)

@: mighty
A: large, rugged brown scales 3, see invisible, deformed body, roll 1, armoured
tail
a: Rolling Charge


You were on level 4 of the Dungeon.
You visited 1 branch of the dungeon, and saw 4 of its levels.

You collected 225 gold pieces.

Inventory:

Hand Weapons
 a - a +0 long sword (weapon)
 f - a +0 hunting sling
Missiles
 h - 4 atropa-tipped darts
 j - 83 stones
Armour
 b - a +0 scale mail (worn)
 x - a +2 buckler of reflection (worn)
Scrolls
 g - a scroll of fog
 k - a scroll of summoning {unknown}
 m - 2 scrolls of vulnerability {unknown}
 o - 2 scrolls of immolation
 p - a scroll of magic mapping {unknown}
 q - 2 scrolls of teleportation {unknown}
 r - 2 scrolls of enchant weapon {unknown}
 t - a scroll of fear {unknown}
 u - 2 scrolls of identify {unknown}
 v - a scroll of noise {unknown}
Potions
 c - a potion of cancellation {unknown}
 e - a potion of flight {unknown}
 i - a potion of heal wounds {unknown}
 l - a potion of curing {@q1}
 n - a potion of attraction {unknown}
 s - a potion of ambrosia {unknown}
 w - a potion of magic {unknown}


   Skills:
 + Level 3.3 Fighting
 * Level 3.2 Long Blades
 + Level 3.2 Armour
 + Level 0.1 Dodging
 + Level 2.7 Shields
 * Level 0.1 Transmutations


You had 3 spell levels left.
You didn't know any spells.
Your spell library contained the following spells:

 Spells                   Type           Power      Damage    Failure   Level
 Foxfire                  Conj/Fire      0%         2x1d4     80%         1
 Wereblood                Tmut           0%         N/A       89%         2
 Sublimation of Blood     Necr           0%         N/A       91%         2
 Conjure Flame            Conj/Fire      0%         6-21      99%         3
 Inner Flame              Hex/Fire       0%         N/A       99%         3
 Flame Wave               Conj/Fire      0%         2d4       100%        4
 Summon Hydra             Summ           0%         N/A       100%        7


Dungeon Overview and Level Annotations

Branches:
Dungeon (4/15)
 Temple: D:4-7

Altars:
Ashenzari


Innate Abilities, Weirdness & Mutations

You are completely covered in rugged brown scales. (AC +3, +7% HP)
You have supernaturally acute eyesight. (SInv)
Armour fits poorly on your strangely shaped body.
You can roll at nearby foes to attack.
You have a long armoured tail.


Message History

The ufetubus hits you but does no damage. x2
You barely miss the ufetubus.
The ufetubus is severely wounded.
The ufetubus barely misses you. The ufetubus hits you.
* * * LOW HITPOINT WARNING * * *
The ufetubus barely misses you. x2
You hit the ufetubus.
You kill the ufetubus!
You block the gnoll's attack.
As you read the scroll labelled AWKAUH BULLEV, it crumbles to dust.
The creatures around you are filled with an inner flame!
It was a scroll of immolation.
The gnoll hits you with a +0 flail.
* * * LOW HITPOINT WARNING * * *
Throw: 5 darts (atropa)
Press: ? - help, Shift-Dir - straight line, f - gnoll
Aim: a gnoll, wielding a +0 flail (inner flame, 58% to hit, chance to blind on hit: 100%)
You throw an atropa-tipped dart. The atropa-tipped dart hits the gnoll.
The gnoll appears confused.
The gnoll seems less confused.
The gnoll hits you with a +0 flail.
* * * LOW HITPOINT WARNING * * *
The gnoll is no longer blind.
A gnoll comes into view. It is wielding a +0 halberd.
Okay, then.
It was a potion of curing.
You feel better. The gnoll closely misses you.
Okay, then.
As you read the scroll labelled HIB BIVVEFO, it crumbles to dust.
The scroll dissolves into smoke.
It was a scroll of fog.
The gnoll hits you with a +0 flail.
* * * LOW HITPOINT WARNING * * *
Okay, then.
You feel very mighty all of a sudden. You block the gnoll's attack.
You slash the gnoll!
Flame seeps out of the gnoll.
The gnoll is heavily wounded.
The gnoll hits you but does no damage.
You slash the gnoll!
The gnoll explodes!
The fiery explosion engulfs you!!
Ouch! That really hurt!
You die...

g# #.# .# #.#
#######)#
##.######....g..#
#........)#####....
#..######.# ##.
#..# #g# #.§# #(#
#§@# ####.#
#§§###....###
#§§##.#.....#
#§§#.##.#..##
#.#§§§.......#
.....§##.......#
###.#.........##
#.#.###....># # #.
#..#..#


There were no monsters in sight!

Vanquished Creatures
  2 gnolls (D:4)
  An adder (D:2)
  An ufetubus (D:4)
  4 worms (D:2)
  3 dart slugs
  2 orcs
  7 endoplasms
  3 giant cockroaches
  4 goblins
  4 hobgoblins (D:1)
  A quokka (D:1)
  6 ball pythons
  7 bats
  3 frilled lizards (D:2)
  6 kobolds
  A rat (D:2)
55 creatures vanquished.

Notes
Turn   | Place    | Note
-------+----------+-------------------------------------------
     0 | D:1      | iguanaiguana the Palentonga Fighter began the quest for the
                  | Orb.
     0 | D:1      | Reached XP level 1. HP: 19/19 MP: 1/1
   436 | D:1      | Reached XP level 2. HP: 24/25 MP: 2/2
   628 | D:1      | Found a faded altar of an unknown god.
  1249 | D:2      | Reached XP level 3. HP: 9/31 MP: 3/3
  2422 | D:2      | Found a broken altar of Ashenzari.
  2961 | D:2      | Reached XP level 4. HP: 35/37 MP: 4/4
  3788 | D:3      | You fall into a shaft and drop 1 floor!
  3889 | D:4      | Killed by an exploding gnoll... ignited by their inner
                  | flame

Illustrated notes

Levels and vault maps discovered:
D:1:      matt_arrival_los_fun, layout_loops_ring,
          shapermc_ecumenical_altar_mp_highgroup
D:2:      layout_rooms, basic_altar, roderic_lattice_a, minmay_close_crescents
D:3:      layout_loops_ring, tgw_fedhas
D:4:      layout_loops_ring, dk_yredelemnul_ordeal, corexii_hall_statues_t,
          uniq_pikel, uniq_sigmund

Skill      XL: |  1  2  3 |
---------------+----------+-----
Armour         | 3 |  3.2
Long Blades    | 3 |  3.2
Fighting       | |  3.3
Dodging        | |  0.1
Shields        | |  2.7
Transmutations | |  0.1

Action                   |  1- 3 |  4- 6 || total
-------------------------+-------+-------++-------
Melee: Long sword        |   152 |    55 ||   207
       Tailslap          |    15 |     2 ||    17
 Fire: Hunting sling     |     1 |       ||     1
Throw: Dart              |       |     1 ||     1
 Abil: Rolling Charge    |    27 |     6 ||    33
  Use: Scroll            |       |     2 ||     2
       Potion            |       |     2 ||     2
Armor: Scale mail        |    78 |    32 ||   110
Dodge: Dodged            |    50 |    22 ||    72
Block: Buckler           |    37 |    14 ||    51
       Reflection        |       |     2 ||     2

Table legend: (Time is in decaauts)
 A = Elapsed time spent in this place.
 B = Non-inter-level travel time spent in this place.
 C = Inter-level travel time spent in this place.
 D = Time resting spent in this place.
 E = Time spent auto-exploring this place.
 F = Levels seen in this place.
 G = Mean time per level.
                   A        B        C        D        E       F      G
               +--------+--------+--------+--------+--------+-----+--------+
         Total |   3953 |   3792 |    161 |   1498 |   1712 |   4 |  988.2 |
       Dungeon |   3953 |   3792 |    161 |   1498 |   1712 |   4 |  988.2 |
               +--------+--------+--------+--------+--------+-----+--------+

Top non-repeatable levels by time:
     D:2: 1661 daAuts
     D:1: 1553 daAuts
     D:3: 633 daAuts
     D:4: 105 daAuts
